 Dungeon Crawl Stone Soup version 0.31.0-12-g77e489cdc1 (webtiles) character file.

Game seed: 7621966487670874418

64 Silvore the Trooper (level 3, -2/29 HPs)
             Began as a Demonspawn Fighter on Feb 15, 2024.
             Slain by an orc
             ... wielding a +0 whip of electrocution
              (18 damage)
             ... while paralysed by Grinder
             ... on level 3 of the Dungeon.
             The game lasted 00:03:01 (1725 turns).

Silvore the Trooper (Demonspawn Fighter)            Turns: 1725, Time: 00:03:01

Health: -2/29      AC: 10    Str: 18    XL:     3   Next: 91%
Magic:  3/3        EV:  2    Int:  8    God:
Gold:   123        SH:  0    Dex: 15    Spells: 2/2 levels left

rFire   . . .        a - +0 long sword
rCold   . . .        c - +0 buckler
rNeg    . . .        b - +0 scale mail
rPois   .            (no helmet)
rElec   .            (no cloak)
rCorr   .            f - +0 pair of gloves
SInv    .            h - +1 pair of boots of the Reasonable God {Fly Dex+3}
Will    .....        (no amulet) Stlth
                     (no ring)
HPRegen 0.24/turn    (no ring)
MPRegen 0.08/turn

%: no passive effects
@: paralysed, weak-willed, flying
A: demonic guardian 1, demonic touch 1
a: no special abilities


You were on level 3 of the Dungeon.
You visited 1 branch of the dungeon, and saw 3 of its levels.

You collected 123 gold pieces.

Inventory:

Hand Weapons
 a - a +0 long sword (weapon)
Armour
 b - a +0 scale mail (worn)
 c - a +0 buckler (worn)
 f - a +0 pair of gloves (worn)
 h - the +1 pair of boots of the Reasonable God (worn) {Fly Dex+3}
   (You acquired it on level 1 of the Dungeon)

   Dex+3:     It affects your dexterity (+3).
   Fly:       It grants you flight.
 l - a +0 pair of boots
Scrolls
 g - a scroll of identify
Potions
 d - a potion of might
 e - a potion of lignification
 i - a potion of resistance {unknown}
 m - a potion of invisibility {unknown}
 n - a potion of curing {unknown}
 p - a potion of heal wounds {unknown}


   Skills:
 + Level 3.4 Fighting
 + Level 2.8 Long Blades
 + Level 3.0 Armour
 + Level 0.3 Dodging
 + Level 0.1 Stealth
 + Level 3.0 Shields


You had 2 spell levels left.
You didn't know any spells.
Your spell library contained the following spells:

 Spells                   Type           Power      Damage    Failure   Level
 Magic Dart               Conj           0%         1d3       86%         1
 Blink                    Tloc           0%         N/A       95%         2
 Call Imp                 Summ           0%         N/A       95%         2
 Lesser Beckoning         Tloc           0%         N/A       95%         2
 Gell's Gravitas          Tloc           0%         N/A       99%         3
 Teleport Other           Tloc           0%         N/A       99%         3


Dungeon Overview and Level Annotations

Branches:
Dungeon (3/15)

Altars:

Shops:
D:1 (

Annotations:
D:3 Grinder


Innate Abilities, Weirdness & Mutations

A weak demonic guardian rushes to your aid.
Your touch may inflict minor irresistible damage on your foes.


Message History

Done exploring.
As you read the scroll labelled LINASY DANORPH, it crumbles to dust.
You feel strangely unstable.
It was a scroll of teleportation.
The air fills with toxic fumes!
As you read the scroll labelled HAMOAG XETOKO, it crumbles to dust.
It was a scroll of poison.
As you read the scroll labelled CEJEAPR KUPN, it crumbles to dust.
A wave of despondency washes over your surroundings.
It was a scroll of vulnerability.
As you read the scroll labelled OCAMPU MAXATHRUSH, it crumbles to dust.
The air around you briefly surges with heat, but it dissipates.
It was a scroll of immolation.
You start waiting.
Your surroundings suddenly seem different.
Okay, then.
Unknown command.
There is a stone staircase leading down here.
You fly downwards.
There is a stone staircase leading up here.
There is a stone staircase leading up here.
An orc comes into view.
It is wielding a +0 whip of electrocution.
The orc shouts!
You hear a shout!
The orc moves out of view.
An orc is nearby!
An orc is nearby!
Found a stone staircase leading up.
The orc throws a boomerang.
The boomerang closely misses you.
Grinder and a kobold come into view.
Found a scroll of identify.
Grinder shouts!
The kobold shouts!
Grinder gestures at you. Pain shoots through your body!
You closely miss the orc. The orc hits you but does no damage.
You are electrocuted!
A demonic guardian appears!
You hit the orc but do no damage. The orc hits you but does no damage.
Grinder gestures at you.
You suddenly lose the ability to move!
The orc hits you but does no damage.
You are electrocuted!!
Ouch! That really hurt!
You die...

##.. #..
#######.#
.....#..####
####.....<.#
#.......##.#
#.##.#.###.#
.##.##5#.# #.#
.......@#..#..
......o#K#.###
?...... .#.#
...<... .. .
#...... ##5##
#...... .#
#.##.#. . #.
#.## ..


You could see Grinder, an orc (ally target), a kobold and a friendly iron imp
(summoned).

Vanquished Creatures
  An adder (D:2)
  A dart slug (D:2)
  8 bats
  4 endoplasms
  2 giant cockroaches
  8 goblins
  4 hobgoblins (D:1)
  6 kobolds
  2 quokkas (D:2)
  3 ball pythons (D:2)
  3 frilled lizards
  4 rats
46 creatures vanquished.

Vanquished Creatures (collateral kills)
  A jackal (D:2)
1 creature vanquished.

Grand Total: 47 creatures vanquished

Notes
Turn   | Place    | Note
-------+----------+-------------------------------------------
     0 | D:1      | Silvore the Demonspawn Fighter began the quest for the Orb.
     0 | D:1      | Reached XP level 1. HP: 18/18 MP: 1/1
   174 | D:1      | Gained mutation: Your touch may inflict minor irresistible
                  | damage on your foes. [demonic ancestry]
   174 | D:1      | Reached XP level 2. HP: 21/24 MP: 2/2
   259 | D:1      | Found Qukh's Weapon Emporium.
   781 | D:1      | Identified a scroll of acquirement
   781 | D:1      | Acquired the +1 pair of boots of the Reasonable God {Fly
                  | Dex+3}
   818 | D:2      | Gained mutation: A weak demonic guardian rushes to your
                  | aid. [demonic ancestry]
   818 | D:2      | Reached XP level 3. HP: 29/29 MP: 3/3
  1316 | D:2      | Found a faded altar of an unknown god.
  1722 | D:3      | Noticed Grinder
  1724 | D:3      | Paralysed by Grinder for 4 turns
  1725 | D:3      | Slain by an orc

Illustrated notes

Levels and vault maps discovered:
D:1:      dpeg_arrival_erosion, layout_loops_ring, serial_shops, shop
D:2:      layout_basic, basic_ecumenical_altar, dreamdust_wishing_well,
          minmay_randomly_rotated_circles
D:3:      layout_loops_ring, grunt_decor_mini_mirrors, uniq_grinder

Skill      XL: |  1  2  3 |
---------------+----------+-----
Long Blades    | 2 |  2.8
Shields        | 3 |  3.0
Armour         | 3 |  3.0
Fighting       | |  3.4
Dodging        | |  0.3
Stealth        | |  0.1

Action                     || total
---------------------------++-------
  Melee: Long sword        ||   174
    Use: Scroll            ||     6
 Armour: Scale mail        ||   140
  Dodge: Dodged            ||    97
  Block: Buckler           ||    50
